 Dungeon Crawl Stone Soup version 0.20.0-4-g10b340a (webtiles) character file.

970 Jerry the Chopper (level 7, 0/64 HPs)
             Began as a Minotaur Berserker on May 28, 2017.
             Was a Priest of Trog.
             Slain by a yak (8 damage)
             ... on level 4 of the Dungeon.
             The game lasted 00:05:44 (2220 turns).

Jerry the Chopper (Minotaur Berserker)              Turns: 2220, Time: 00:05:44

Health: 0/64       AC: 10    Str: 23    XL:     7   Next: 94%
Magic:  6/6        EV: 12    Int:  5    God:    Trog [***...]
Gold:   224        SH:  0    Dex:  9    Spells: 6/6 levels left

rFire    . . .     SeeInvis .   a - +0 hand axe
rCold    . . .     Gourm    .   (no shield)
rNeg     . . .     Faith    .   x - +0 chain mail
rPois    .         Spirit   .   (helmet restricted)
rElec    .         Reflect  .   (no cloak)
rCorr    .         Harm     .   (no gloves)
MR       .....                  (no boots)
Stlth    ..........             (no amulet)
Regen    0.2/turn               d - +2 ring of evasion
MPRegen  0.1/turn               y - ring of stealth

@: berserk cooldown, slowed, very slow
A: retaliatory headbutt, horns 2
a: Berserk, Trog's Hand, Burn Spellbooks, Renounce Religion


You were on level 4 of the Dungeon.
You worshipped Trog.
Trog was most pleased with you.
You were not hungry.

You visited 1 branch of the dungeon, and saw 4 of its levels.

You collected 224 gold pieces.

Inventory:

Hand Weapons
 a - a +0 hand axe (weapon)
Armour
 x - a +0 chain mail (worn)
Jewellery
 d - a +2 ring of evasion (left hand)
 y - a ring of stealth (right hand)
Scrolls
 e - 4 scrolls of identify {unknown}
 g - a scroll of remove curse {unknown}
 h - a scroll of enchant armour {unknown}
 j - a scroll of immolation {unknown}
 l - 3 scrolls of teleportation {unknown}
 r - a scroll of random uselessness {unknown}
 t - a scroll of magic mapping {unknown}
 v - a scroll of fog {unknown}
 w - a scroll of enchant weapon {unknown}
Potions
 f - a potion of mutation {unknown}
 i - a potion of haste {unknown}
 k - 2 potions of resistance {unknown}
 o - 4 potions of curing {unknown}
 p - 2 potions of might
 q - 2 potions of flight {unknown}
 s - a potion of lignification {unknown}
 u - 2 potions of degeneration {unknown}
 z - a potion of berserk rage {unknown}
Comestibles
 c - a bread ration
 m - 3 royal jellies
 n - 2 meat rations


   Skills:
 + Level 6.4 Fighting
 + Level 6.6 Axes
 + Level 6.0 Armour
 + Level 5.4 Dodging


You had 6 spell levels left.
You didn't know any spells.

Dungeon Overview and Level Annotations

Branches:
Dungeon (4/15)
 Temple: D:4-7

Altars:
Uskayaw
The Shining One


Innate Abilities, Weirdness & Mutations

You reflexively headbutt those who attack you in melee.
You have a pair of horns on your head.


Message History

The yak is lightly wounded.
The yak closely misses you.
You hit the yak but do no damage.
The yak is lightly wounded.
The yak gores you.
* * * LOW HITPOINT WARNING * * *
You hit the yak.
The yak is lightly wounded.
The yak closely misses you. You furiously retaliate!
You headbutt the yak! The yak gores you!
* * * LOW HITPOINT WARNING * * *
You're still recovering from your berserk rage.
You hit the yak but do no damage. You headbutt the yak.
The yak is heavily wounded.
The yak gores you.
* * * LOW HITPOINT WARNING * * *
You hit the yak.
The yak is heavily wounded.
The yak gores you!
You die...

#################.#
.......>......@Y..#
######.###########
#....#
#########....#
.............#
#######......# ...#
######## ...# ...#


You could see a yak.

Vanquished Creatures
  4 yaks (D:4)
  An ogre (D:4)
  A phantom (D:4)
  A howler monkey (D:4)
  An orc priest (D:4)
  Jessica (D:2)
  4 adders
  3 worms
  3 dart slugs
  A leopard gecko (D:4)
  6 orcs
  A ball python (D:3)
  5 giant cockroaches
  6 hobgoblins
  6 jackals
  9 kobolds
  A quokka (D:4)
  7 bats
  6 frilled lizards
  5 goblins
  5 rats
77 creatures vanquished.

Notes
Turn   | Place    | Note
-------+----------+-------------------------------------------
     0 | D:1      | Jerry the Minotaur Berserker began the quest for the Orb.
     0 | D:1      | Reached XP level 1. HP: 19/19 MP: 0/0
    54 | D:1      | Reached XP level 2. HP: 6/27 MP: 1/1
   526 | D:1      | Reached ** piety under Trog
   530 | D:1      | Reached XP level 3. HP: 25/33 MP: 2/2
   639 | D:2      | Found a faded altar of an unknown god.
  1069 | D:2      | Found a glowing golden altar of the Shining One.
  1338 | D:2      | Reached XP level 4. HP: 37/40 MP: 3/3
  1393 | D:2      | Noticed Jessica
  1397 | D:2      | Killed Jessica
  1677 | D:3      | Reached XP level 5. HP: 40/47 MP: 4/4
  1826 | D:3      | Found a hide-covered altar of Uskayaw.
  1877 | D:4      | Reached *** piety under Trog
  1897 | D:4      | Noticed a phantom
  1908 | D:4      | Killed a phantom
  1908 | D:4      | Reached skill level 5 in Axes
  2006 | D:4      | Reached skill level 5 in Fighting
  2006 | D:4      | Reached XP level 6. HP: 50/56 MP: 5/5
  2179 | D:4      | Noticed a yak
  2180 | D:4      | Noticed a yak
  2182 | D:4      | Noticed a yak
  2183 | D:4      | Noticed a yak
  2185 | D:4      | Noticed a yak
  2185 | D:4      | Killed a yak
  2185 | D:4      | Reached skill level 5 in Armour
  2185 | D:4      | Reached XP level 7. HP: 61/61 MP: 6/6
  2192 | D:4      | Killed a yak
  2198 | D:4      | Killed a yak
  2198 | D:4      | Reached skill level 5 in Dodging
  2209 | D:4      | Killed a yak
  2209 | D:4      | Received a gift from Trog
  2220 | D:4      | Slain by a yak

Skill      XL: |  1  2  3  4  5  6  7 |
---------------+----------------------+-----
Axes           | 4 5 6 |  6.6
Fighting       | 4 5 6 |  6.4
Armour         | 3 4 5 6 |  6.0
Dodging        | 3 4 5 |  5.4

Action                   |  1- 3 |  4- 6 |  7- 9 || total
-------------------------+-------+-------+-------++-------
Melee: Hand axe          |    84 |    69 |    32 ||   185
       Headbutt          |    10 |    11 |     8 ||    29
Invok: Berserk           |     2 |     3 |       ||     5
  Eat: Chunk             |     3 |     4 |       ||     7
       Bread ration      |       |       |     1 ||     1
Armor: Animal skin       |     8 |     5 |       ||    13
       Chain mail        |       |    13 |     4 ||    17
Dodge: Dodged            |    64 |    45 |    22 ||   131
